Map: Jagannatha LE

Players

ShoWTimE - Winner!

  • Race: Protoss Protoss

SortOf

  • Race: Zerg Zerg

Event: DreamHack SC2 Masters 2021 Fall

VOD

Have the link to the VOD?

Description

Time

  • Played on: July 28, 2021, 1:31 p.m.
  • Length: 23:50

All games in this series

Show
View Real Time Build Order
Export as new Build Order

ShoWTimE Protoss - Winner!

Build Orders: 1 Gate Expand, Oracle Opening, Carriers 

Get SALT Encoding   

  12  0:00  Probe  
  13  0:12  Probe  
  14  0:18  Pylon  
  14  0:24  Probe (Chrono Boost)  
  15  0:36  Probe (Chrono Boost)  
  15  0:38  Gateway  
  16  0:45  Probe (Chrono Boost)  
  16  0:46  Assimilator  
  17  0:51  Probe  
  18  1:03  Probe  
  19  1:15  Probe  
  20  1:24  Nexus  
  20  1:33  Cybernetics Core  
  20  1:37  Probe  
  21  1:41  Assimilator  
  21  1:49  Probe  
  21  1:51  Pylon  
  22  2:01  Probe  
  23  2:08  Adept (Chrono Boost)  
  23  2:13  Probe  
  26  2:20  Stargate  
  26  2:25  Probe (Chrono Boost)  
  26  2:28  Adept (Chrono Boost)  
  27  2:33  Warp Gate  
  27  2:35  Probe (Chrono Boost)  
  30  2:43  Probe (Chrono Boost)  
  32  2:45  Probe (Chrono Boost)  
  32  2:50  Probe x2 (Chrono Boost)  
  33  2:51  Adept  
  36  3:01  Pylon, Probe  
  36  3:02  Probe  
  36  3:04  Oracle (Chrono Boost)  
  41  3:13  Probe  
  41  3:14  Probe  
  43  3:21  Adept  
  43  3:25  Probe  
  46  3:28  Probe  
  47  3:35  Oracle (Chrono Boost)  
  47  3:38  Gateway  
  47  3:40  Probe  
  49  3:42  Probe  
  50  3:52  Probe  
  50  3:54  Probe  
  52  3:57  Pylon  
  52  3:59  Nexus  
  52  4:04  Probe  
  52  4:06  Probe  
  52  4:09  Pylon  
  54  4:12  Oracle (Chrono Boost)  
  54  4:15  Assimilator  
  57  4:18  Assimilator, Probe x2  
  59  4:29  Adept  
  59  4:30  Probe x2  
  63  4:33  Adept  
  63  4:34  Pylon  
  65  4:42  Probe  
  65  4:43  Robotics Facility, Probe  
  67  4:53  Forge  
  67  4:54  Gateway  
  67  4:55  Probe (Chrono Boost)  
  67  4:59  Sentry x2, Probe (Chrono Boost)  
  73  5:04  Probe (Chrono Boost)  
  75  5:08  Probe (Chrono Boost)  
  75  5:09  Probe (Chrono Boost)  
  75  5:10  Shield Battery  
  75  5:13  Pylon, Probe  
  77  5:19  Probe (Chrono Boost)  
  79  5:23  Probe (Chrono Boost)  
  79  5:25  Probe (Chrono Boost)  
  80  5:28  Immortal (Chrono Boost)  
  80  5:31  Protoss Ground Weapons Level 1 (Chrono Boost)  
  80  5:34  Robotics Bay  
  87  5:36  Probe x2 (Chrono Boost)  
  87  5:38  Probe (Chrono Boost)  
  87  5:41  Probe (Chrono Boost)  
  87  5:42  Probe  
  89  5:43  Assimilator  
  89  5:45  Assimilator, Probe  
  90  5:52  Photon Cannon, Probe  
  90  5:54  Pylon, Probe  
  92  5:57  Probe  
  92  5:59  Pylon  
  92  6:00  Observer (Chrono Boost), Stalker  
  92  6:02  Sentry, Zealot  
  92  6:04  Probe  
  101  6:17  Twilight Council  
  101  6:19  Gateway, Immortal (Chrono Boost)  
  101  6:21  Gateway  
  101  6:24  Gateway  
  105  6:27  Gateway  
  105  6:37  Pylon  
  105  6:44  Nexus  
  105  6:46  Disruptor (Chrono Boost)  
  108  6:51  Charge (Chrono Boost)  
  108  6:52  Phoenix  
  108  6:58  Templar Archives, Probe x3  
  108  7:00  Gateway  
  111  7:02  Photon Cannon  
  111  7:10  Photon Cannon, Probe x2  
  111  7:11  Probe  
  111  7:12  Shield Battery  
  111  7:13  Disruptor (Chrono Boost)  
  114  7:20  Phoenix  
  114  7:21  Photon Cannon  
  119  7:23  Probe x3  
  119  7:28  Pylon, Protoss Ground Weapons Level 2 (Chrono Boost)  
  122  7:35  Assimilator, Photon Cannon, Probe  
  123  7:39  Assimilator  
  123  7:41  Gateway  
  123  7:47  Phoenix (Chrono Boost)  
  125  8:03  Shield Battery x2  
  125  8:05  Photon Cannon  
  125  8:06  Disruptor (Chrono Boost)  
  125  8:07  Phoenix (Chrono Boost)  
  125  8:08  Probe x3  
  133  8:16  High Templar x4  
  133  8:17  Pylon  
  138  8:21  Archon x2  
  138  8:35  Warp Prism  
  138  8:36  High Templar x4  
  138  8:39  Photon Cannon, Archon  
  138  8:41  Photon Cannon  
  148  8:46  Gateway  
  148  8:47  Gateway  
  148  8:50  Gateway, Archon  
  148  8:58  Fleet Beacon, Photon Cannon  
  148  9:01  Stargate  
  148  9:05  Photon Cannon  
  148  9:06  Zealot x4  
  156  9:10  Pylon  
  156  9:13  Pylon  
  156  9:14  Pylon  
  156  9:23  Pylon  
  156  9:31  High Templar x2  
  160  9:32  Protoss Air Weapons Level 1 (Chrono Boost)  
  160  9:33  Protoss Ground Weapons Level 3 (Chrono Boost)  
  160  9:35  Archon  
  160  9:37  Shield Battery  
  160  9:38  Pylon  
  160  9:40  Carrier (Chrono Boost)  
  160  9:43  Carrier (Chrono Boost)  
  164  9:49  Zealot x4  
  164  9:50  Zealot x3  
  164  9:51  Zealot x3  
  184  9:58  Immortal  
  188  10:00  Robotics Facility  
  188  10:02  Stargate  
  188  10:04  Stalker  
  188  10:09  Zealot  
  169  10:16  Probe x3  
  169  10:18  Nexus  
  168  10:29  Photon Cannon  
  168  10:30  Mothership (Chrono Boost)  
  168  10:31  Photon Cannon  
  176  10:37  Stargate  
  176  10:51  Pylon  
  176  10:52  Carrier x2  
  176  10:54  Shield Battery  
  176  10:57  Photon Cannon  
  184  11:05  Carrier  
  184  11:09  Immortal (Chrono Boost)  
  188  11:22  Psionic Storm  
  188  11:25  Protoss Air Weapons Level 2 (Chrono Boost)  
  188  11:26  Zealot  
  188  11:27  Zealot x3  
  183  11:40  Zealot x7  
  195  12:01  Flux Vanes  
  195  12:05  Photon Cannon  
  195  12:06  Photon Cannon  
  193  12:09  Shield Battery  
  193  12:11  Assimilator  
  193  12:14  Gateway  
  185  12:15  Photon Cannon  
  185  12:16  Assimilator, Protoss Ground Armor Level 1 (Chrono Boost)  
  185  12:17  Photon Cannon  
  185  12:19  Photon Cannon  
  185  12:21  Photon Cannon  
  177  12:23  High Templar x2  
  177  12:24  High Templar x4  
  177  12:26  Warp Prism (Chrono Boost)  
  191  12:48  Stalker x4  
  199  13:01  Pylon  
  199  13:04  Pylon  
  193  13:13  Mothership (Chrono Boost)  
  172  13:27  Zealot x3  
  172  13:28  Void Ray (Chrono Boost), Zealot x5  
  172  13:29  Probe  
  172  13:30  Probe x3  
  172  13:31  Archon  
  172  13:33  Void Ray (Chrono Boost)  
  200  13:51  Void Ray (Chrono Boost)  
  200  13:55  Pylon  
  200  13:58  Protoss Air Weapons Level 3 (Chrono Boost), Pylon  
  200  14:01  Void Ray (Chrono Boost)  
  190  14:04  Protoss Shields Level 1 (Chrono Boost)  
  190  14:09  Gateway, Void Ray (Chrono Boost)  
  190  14:12  Void Ray (Chrono Boost)  
  198  14:26  Shield Battery  
  198  14:31  Shield Battery  
  194  14:56  Photon Cannon  
  194  14:57  Photon Cannon  
  194  15:00  Photon Cannon  
  194  15:01  Shield Battery  
  194  15:05  Zealot x4  
  194  15:06  Shield Battery  
  200  15:13  Pylon x2  
  198  15:32  Stargate  
  198  15:35  Stargate  
  198  15:40  Dark Shrine  
  192  15:44  Stargate  
  192  15:49  Zealot x2  
  196  15:50  Zealot x2  
  196  15:54  Pylon  
  200  15:59  Photon Cannon  
  200  16:00  Photon Cannon  
  200  16:03  Shield Battery  
  196  16:05  Pylon  
  190  16:30  Void Ray x3  
  193  16:55  Void Ray  
  173  17:02  Immortal x2  
  173  17:05  High Templar x3  
  173  17:06  High Templar x2  
  173  17:07  Void Ray  
  186  17:17  Carrier (Chrono Boost)  
  186  17:18  Zealot, Archon x2  
  186  17:19  Zealot x3  
  198  17:23  Zealot  
  198  17:29  Zealot x2  
  175  17:38  Zealot x6  
  181  17:56  Photon Cannon  
  181  17:57  Photon Cannon  
  177  18:00  Photon Cannon  
  177  18:07  High Templar x5  
  177  18:09  Probe x2  
  189  18:17  Void Ray x2 (Chrono Boost)  
  197  18:30  Zealot  
  197  18:31  Protoss Shields Level 2 (Chrono Boost)  
  197  18:32  Observer  
  197  18:33  Nexus  
  198  18:34  Pylon  
  198  18:38  Observer  
  198  18:41  Pylon  
  181  18:58  Immortal x2 (Chrono Boost)  
  189  19:07  Photon Cannon  
  189  19:08  Pylon, Photon Cannon  
  189  19:24  Assimilator  
  189  19:30  Assimilator  
  187  19:33  Photon Cannon  
  187  19:34  Protoss Air Armor Level 1 (Chrono Boost), Photon Cannon  
  187  19:35  Photon Cannon  
  187  19:37  Photon Cannon  
  187  19:38  Probe x3  
  189  19:39  Photon Cannon  
  189  19:40  High Templar  
  189  19:41  High Templar  
  189  19:42  Photon Cannon  
  187  19:46  Shield Battery, Zealot x5  
  187  19:51  Shield Battery, Gravitic Boosters (Chrono Boost)  
  187  19:52  Observer  
  188  20:26  Nexus  
  188  20:27  Pylon  
  188  20:40  Zealot x8  
  196  20:50  Photon Cannon  
  196  20:52  Photon Cannon  
  196  20:54  Photon Cannon  
  196  20:57  Protoss Ground Armor Level 2  
  196  21:07  Void Ray (Chrono Boost)  
  158  21:14  Void Ray x4 (Chrono Boost)  
  158  21:15  Void Ray (Chrono Boost)  
  165  21:25  Mothership (Chrono Boost)  
  163  21:31  High Templar x7  
  163  21:32  High Templar x4  
  185  21:40  Archon x2  
  185  21:41  Archon  
  185  21:42  Assimilator  
  185  21:45  Assimilator  
  185  21:57  Immortal (Chrono Boost)  
  185  21:58  Immortal (Chrono Boost)  
  187  22:21  Zealot x6  
  187  22:57  Zealot x8  
  199  22:59  Pylon  
  195  23:21  Observer x2 (Chrono Boost)  
  195  23:22  Shield Battery  
  195  23:23  Shield Battery  
  197  23:37  Archon  
Show
View Real Time Build Order
Export as new Build Order

SortOf Zerg 

Build Orders: Hatch First, Muta Ling Bane 

Get SALT Encoding   

  12  0:00  Drone  
  13  0:12  Overlord  
  13  0:16  Drone  
  14  0:31  Drone x2  
  16  0:48  Hatchery  
  15  0:52  Drone  
  15  0:55  Drone  
  17  0:59  Drone  
  18  1:10  Extractor  
  17  1:14  Spawning Pool  
  17  1:17  Drone  
  17  1:21  Drone  
  18  1:30  Drone  
  19  1:39  Drone  
  20  1:49  Overlord  
  20  2:01  Queen  
  20  2:03  Queen  
  20  2:04  Drone  
  20  2:05  Zergling x2  
  26  2:12  Drone  
  26  2:13  Zergling x2  
  26  2:14  Metabolic Boost  
  28  2:23  Drone x2  
  30  2:38  Hatchery  
  30  2:43  Queen  
  31  2:49  Overlord  
  31  2:52  Drone  
  31  2:53  Drone  
  31  2:55  Zergling x2  
  31  2:58  Zergling x2  
  35  3:00  Drone  
  35  3:05  Overlord  
  36  3:08  Drone  
  36  3:11  Drone  
  38  3:14  Zergling x2  
  38  3:16  Drone  
  40  3:20  Evolution Chamber  
  38  3:30  Spore Crawler, Drone x4  
  40  3:37  Queen  
  42  3:44  Drone  
  42  3:45  Spore Crawler  
  42  3:46  Drone x2  
  44  3:49  Drone  
  44  3:52  Zergling x4  
  44  3:53  Drone  
  48  3:58  Queen  
  48  4:01  Spore Crawler  
  48  4:02  Drone  
  50  4:05  Drone x2  
  50  4:08  Drone  
  53  4:14  Queen  
  53  4:16  Overlord  
  55  4:17  Drone  
  55  4:20  Drone  
  57  4:25  Drone  
  57  4:30  Drone  
  58  4:34  Extractor, Roach Warren  
  58  4:35  Drone x4  
  60  4:39  Drone  
  60  4:44  Drone x4  
  65  4:49  Drone  
  65  4:50  Overlord  
  65  4:52  Overlord  
  66  4:57  Spore Crawler, Lair  
  66  4:59  Overlord  
  65  5:03  Zergling x2  
  66  5:10  Zergling x4, Overlord  
  66  5:11  Drone x5  
  66  5:12  Drone  
  74  5:16  Drone x2  
  74  5:17  Drone  
  74  5:19  Drone x2  
  79  5:23  Extractor, Drone x2  
  79  5:24  Extractor  
  79  5:26  Drone x2  
  81  5:34  Queen  
  81  5:35  Extractor  
  82  5:39  Hatchery  
  82  5:41  Drone x3  
  84  5:43  Drone  
  84  5:46  Overlord  
  84  5:47  Overlord  
  85  5:51  Drone x4  
  86  5:57  Baneling Nest, Evolution Chamber  
  86  6:02  Spire  
  83  6:05  Extractor  
  83  6:06  Drone x3  
  83  6:07  Roach x2  
  89  6:15  Drone x3  
  89  6:20  Roach x4  
  89  6:21  Spore Crawler  
  89  6:23  Overseer  
  96  6:28  Drone x5  
  96  6:30  Overlord  
  101  6:36  Roach x2  
  101  6:38  Overlord  
  105  6:42  Zerg Melee Weapons Level 1, Centrifical Hooks  
  105  6:47  Ravager x2  
  106  6:50  Roach x4  
  106  6:52  Overlord  
  106  6:53  Drone  
  114  6:56  Drone  
  114  6:57  Drone  
  114  6:58  Drone x2  
  114  7:00  Drone  
  119  7:07  Evolution Chamber, Infestation Pit  
  117  7:11  Overlord  
  117  7:13  Drone x8  
  125  7:19  Mutalisk x2  
  125  7:21  Extractor  
  128  7:24  Roach x4  
  128  7:27  Overlord  
  136  7:37  Overlord x2  
  136  7:39  Roach x2  
  140  7:45  Zergling x14  
  140  7:47  Ravager, Hatchery, Glial Reconstitution  
  147  7:52  Drone  
  147  7:55  Hive  
  147  7:56  Zerg Ground Armor Level 1  
  144  7:58  Drone  
  144  7:59  Drone x2  
  144  8:01  Baneling x4  
  144  8:02  Overseer  
  144  8:03  Zergling x6  
  150  8:05  Overlord  
  150  8:13  Zergling x18  
  159  8:21  Baneling x15  
  159  8:28  Zergling x14  
  159  8:31  Corruptor  
  159  8:33  Corruptor  
  166  8:34  Extractor  
  166  8:40  Zerg Melee Weapons Level 2  
  166  8:41  Drone x3  
  167  8:43  Overlord x2  
  167  8:44  Drone x2  
  167  8:45  Drone  
  167  8:48  Pathogen Glands  
  171  8:49  Drone  
  171  8:51  Drone  
  171  8:53  Corruptor  
  175  8:58  Overlord  
  175  9:03  Overlord  
  175  9:10  Greater Spire  
  175  9:11  Drone x2  
  175  9:12  Drone  
  175  9:13  Spore Crawler, Drone x2, Ultralisk Cavern  
  175  9:14  Extractor, Drone x3  
  180  9:17  Spine Crawler  
  180  9:20  Adrenal Glands  
  180  9:21  Zergling x16  
  187  9:24  Overseer  
  187  9:27  Zergling x10  
  187  9:28  Zergling x2  
  193  9:31  Baneling x8  
  193  9:33  Baneling x4  
  192  9:42  Drone x2  
  192  9:43  Drone x3  
  192  9:44  Drone  
  192  9:45  Drone x3  
  197  9:51  Spine Crawler  
  197  9:52  Baneling x2, Spine Crawler  
  195  9:53  Spine Crawler  
  195  9:59  Zergling x14  
  199  10:00  Chitinous Plating  
  191  10:08  Zergling x16  
  189  10:19  Ultralisk x2  
  199  10:22  Overlord  
  199  10:27  Zerg Ground Armor Level 2  
  197  10:42  Spore Crawler  
  196  10:43  Spine Crawler  
  196  10:45  Spine Crawler x2  
  196  10:46  Viper x2  
  195  10:52  Baneling x11  
  195  10:54  Hatchery  
  194  10:57  Zerg Flyer Armor Level 1  
  193  11:07  Ultralisk  
  199  11:13  Spire  
  199  11:15  Extractor, Drone  
  199  11:16  Drone  
  199  11:32  Corruptor x6  
  187  11:39  Zergling x14  
  190  11:56  Overseer, Pneumatized Carapace  
  190  11:58  Zerg Melee Weapons Level 3  
  190  12:02  Zergling x18  
  196  12:14  Zergling x20  
  200  12:36  Neural Parasite  
  200  12:38  Zerg Flyer Weapons Level 1  
  200  12:39  Extractor  
  200  12:42  Extractor  
  194  12:54  Zergling x14  
  197  13:02  Zerg Flyer Armor Level 2  
  197  13:12  Corruptor x4  
  180  13:22  Ultralisk x3  
  180  13:25  Corruptor x2  
  192  13:28  Overlord  
  192  13:29  Overlord  
  192  13:33  Zergling x4  
  188  13:35  Baneling x15  
  188  13:44  Spore Crawler  
  188  13:47  Spore Crawler  
  186  13:48  Spore Crawler x5  
  186  13:50  Spore Crawler x2, Overseer x2  
  179  13:58  Drone x3  
  179  13:59  Drone x2  
  180  14:04  Zergling x2, Corruptor x3, Ultralisk x2  
  180  14:08  Overlord  
  180  14:09  Baneling x2  
  199  14:15  Overseer  
  199  14:24  Zerg Ground Armor Level 3  
  199  14:35  Spore Crawler, Zerg Missile Weapons Level 1  
  199  14:36  Spore Crawler  
  197  14:40  Hatchery  
  194  14:53  Zergling x12  
  200  15:00  Anabolic Synthesis  
  199  15:12  Infestor x3  
  197  15:15  Infestor x2  
  197  15:16  Infestor  
  198  15:28  Spore Crawler  
  198  15:29  Spore Crawler x3  
  198  15:31  Brood Lord x2  
  198  15:33  Spore Crawler  
  198  15:34  Spore Crawler  
  198  15:35  Spore Crawler x2  
  195  15:36  Spore Crawler x2  
  195  15:39  Zerg Flyer Armor Level 3  
  195  15:40  Zerg Flyer Weapons Level 2  
  195  15:41  Corruptor x3  
  198  16:06  Corruptor  
  198  16:12  Baneling x4  
  198  16:17  Drone x2  
  179  16:37  Zergling x36  
  179  16:39  Overlord  
  181  16:40  Viper x2, Infestor  
  181  16:42  Zergling x10  
  181  16:44  Overlord  
  168  17:03  Corruptor x14  
  168  17:04  Corruptor  
  168  17:06  Corruptor  
  177  17:18  Corruptor x3  
  172  17:30  Infestor x3  
  170  17:40  Corruptor x2  
  156  18:05  Overlord  
  156  18:12  Zergling x2, Ultralisk  
  163  18:13  Zergling x4  
  163  18:16  Overseer  
  165  18:25  Hatchery  
  165  18:27  Zergling x12  
  170  18:32  Overlord  
  169  18:47  Hatchery  
  167  19:02  Hatchery  
  166  19:03  Zergling x20  
  176  19:16  Baneling x8  
  175  19:19  Overlord  
  175  19:22  Drone  
  176  19:27  Zergling x2  
  176  19:28  Zergling x2  
  178  19:34  Overlord  
  170  19:41  Zergling x4  
  170  19:42  Zergling x2  
  165  20:03  Zergling x12  
  165  20:04  Zergling x2  
  165  20:31  Zergling x30  
  165  20:33  Viper  
  183  20:49  Hatchery  
  142  21:16  Infestor x5  
  102  21:33  Zergling x6  
  102  21:52  Viper  
  105  22:08  Viper  
  108  22:17  Viper x2  
  103  22:30  Infestor  
  107  22:39  Zergling x4  
  107  22:40  Zergling x4  
  97  22:54  Zergling x10  
  97  23:11  Zergling x8  
  98  23:22  Baneling  
  98  23:25  Zergling x4  

Tags
 
Add a new tag
Caveats
  • Supply blocks, unpowered buildings, or Contaminate may cause inaccurate times.
  • Supply counts are checked every 10 seconds.